[Event "*** Titled Tuesday Blitz"]
[Site "Chess.com"]
[Date "2018.05.01"]
[Round "10"]
[White "cukus"]
[Black "FearNoEvil12"]
[Result "1-0"]
[WhiteElo "2366"]
[BlackElo "1957"]
[TimeControl "180+2"]
[EndTime "15:11:51 PDT"]
[Termination "cukus won by resignation"]

1. e4 a6 2. d4 b5 3. Bd3 Bb7 4. Qe2 e6 5. Nf3 Nf6 6. c3 d6 7. O-O Nbd7 8. Re1 h6 9. Nbd2 g5 10. Nf1 g4 11. N3d2 h5 12. a4 bxa4 13. Rxa4 Rg8 14.
Bxa6 Rxa6 15. Rxa6 g3 16. hxg3 h4 17. gxh4 Ng4 18. Nf3 Be7 19. Bg5 Bxg5 20. Nxg5 Rxg5 21. hxg5 Qxg5 22. Ra7 Bc8 23. Ne3 Ngf6 24. Ra8 Nb6 25. Rb8 Ke7 26. Ra1 Nfd7 27. Rxc8 Nxc8 28. Qc4 c5 29.
Qa6 Ncb6 30. e5 cxd4 31. exd6+ Kf6 32. cxd4 Nd5 33. Nxd5+ Qxd5 34. Qd3 Qxd6 35. Qc3 Ke7 36. b4 Nb6 37. Qc5 Nd7 38. Qxd6+ Kxd6 39. Ra5 Nb6 40.
Kf1 Kc6 41. Ke2 Nd5 42. Rxd5 Kxd5 43. Kd3 f5 44. f4 Kc6 45. Kc4 Kb6 46. d5 exd5+ 47.
Kxd5 1-0

[Event "*** Titled Tuesday Blitz"]
[Site "Chess.com"]
[Date "2018.05.01"]
[Round "10"]
[White "Pudor"]
[Black "AsaHoffmann"]
[Result "0-1"]
[WhiteElo "2204"]
[BlackElo "2111"]
[TimeControl "180+2"]
[EndTime "15:12:06 PDT"]
[Termination "AsaHoffmann won by resignation"]

1. d4 Nf6 2. c4 c5 3. Nf3 cxd4 4. Nxd4 e5 5. Nb5 d5 6. cxd5 Bb4+ 7. N1c3 O-O 8. a3 Bc5 9. a4 a6 10. Na3 Bf5 11. Bg5 Bxf2+ 12. Kxf2 Ng4+ 13. Kg1 Qxg5 14. Qc1 Qg6 15. h3 Nf6 16. Nc4 Nbd7 17. Nd6 e4 18. g4 Bxg4 19. hxg4 Nxg4 20. Ndxe4 Rfe8 21. Bg2 Rac8 22. Qf4 Ndf6 23. Nxf6+ Nxf6 24. e4 h6 25. d6 Ng4 26. Nd5 Ne5 27. Ne7+ Rxe7 28. dxe7 Ng4 29. Qf5 Qb6+ 30. Kf1 Ne3+ 31. Ke2 Nxf5 0-1

[Event "*** Titled Tuesday Blitz"]
[Site "Chess.com"]
[Date "2018.05.01"]
[Round "10"]
[White "HarutyunianTigranK"]
[Black "Storne89"]
[Result "1-0"]
[WhiteElo "2731"]
[BlackElo "2551"]
[TimeControl "180+2"]
[EndTime "15:12:08 PDT"]
[Termination "HarutyunianTigranK won on time"]

1. c4 e5 2. Nc3 Nc6 3. Nf3 Nf6 4. e4 Bb4 5. d3 O-O 6. a3 Bxc3+ 7. bxc3 d6 8. g3 Nd7 9. Bg2 Nc5 10. Nh4 Ne7 11.
O-O f5 12. exf5 Nxf5 13. Nxf5 Bxf5 14. d4 Nd3 15. Bxb7 Rb8 16. Bd5+ Kh8 17. Be3 Qd7 18. Bg2 Nb2 19. Qh5 Nxc4 20. Bg5 Bg4 21. Qh4 exd4 22. cxd4 Bf3 23. Bh3 Qf7 24. Rae1 Rbe8 25. Be7 Nd2 26. Bxf8 Rxf8 27. Re7 Qg6 28. Re6 Bd5 29. Qe7 Nf3+ 30. Kh1 Ng5+ 31. f3 Nxe6 32. Bxe6 Rxf3 33. Rxf3 Bxf3+ 34. Kg1 1-0

[Event "*** Titled Tuesday Blitz"]
[Site "Chess.com"]
[Date "2018.05.01"]
[Round "10"]
[White "MartinMatthiesen"]
[Black "chidori_boruto"]
[Result "0-1"]
[WhiteElo "2380"]
[BlackElo "2528"]
[TimeControl "180+2"]
[EndTime "15:12:13 PDT"]
[Termination "chidori_boruto won by resignation"]

1. d4 d5 2. Bf4 Nf6 3. e3 c5 4. c3 cxd4 5. exd4 Nc6 6. Nd2 Bg4 7. Qb3 Qd7 8. Ngf3 Bxf3 9. Nxf3 e6 10. Bb5 Bd6 11. Ne5 Qc7 12. O-O O-O 13. Rfe1 Nh5 14. Bxc6 bxc6 15. Bg3 Nxg3 16. hxg3 c5 17. Rac1 Rab8 18.
Qc2 cxd4 19. cxd4 Bxe5 20. Rxe5 Qb6 21. Qc5 Qxb2 22. Ree1 Qxa2 23. Ra1 Qc4 24. Qxa7 Rb4 25. Qe7 Qxd4 26. Ra7 Rb2 27. Rf1 g6 28. Rd7 Ra2 29.
Rc7 Rb2 30. Ra7 Rc2 31. Rb7 Qc5 32. Qd7 Qd4 33. Qe7 h5 34. Rd7 Re2 35. Rb7 Kg7 36.
Rc7 Qf6 37. Qd7 h4 38. gxh4 Qxh4 39. Rb7 Qf4 40. g3 Qf3 0-1

[Event "*** Titled Tuesday Blitz"]
[Site "Chess.com"]
[Date "2018.05.01"]
[Round "10"]
[White "FabianoCaruana"]
[Black "OparinGrigoriy"]
[Result "1-0"]
[WhiteElo "2834"]
[BlackElo "2867"]
[TimeControl "180+2"]
[EndTime "15:12:14 PDT"]
[Termination "FabianoCaruana won by resignation"]

1. e4 c5 2. Nf3 d6 3. d4 cxd4 4.
Nxd4 Nf6 5. Nc3 a6 6. Be3 e5 7.
Nb3 Be6 8. Qd2 Nbd7 9. f3 Be7 10. O-O-O b5 11. g4 Nb6 12. g5 Nfd7 13. h4 Rc8 14.
Kb1 O-O 15. Nd5 Bxd5 16. exd5 Nc4 17. Qe1 Nxe3 18. Qxe3 Nc5 19. Nxc5 Rxc5 20. Bd3 Re8 21. Rdg1 Bf8 22. h5 e4 23. Bxe4 Rxd5 24. g6 Kh8 25. gxf7 Ree5 26. h6 g5 27. f4 Qe7 28. fxe5 Rxe5 29.
Qd4 Qxf7 30. Rxg5 Bxh6 31. Rxe5 dxe5 32. Qxe5+ Bg7 33. Rxh7+ Kg8 34. Rxg7+ Qxg7 35. Qxg7+ 1-0

[Event "*** Titled Tuesday Blitz"]
[Site "Chess.com"]
[Date "2018.05.01"]
[Round "10"]
[White "Fy_Rakotomaharo"]
[Black "nihalsarin"]
[Result "0-1"]
[WhiteElo "2500"]
[BlackElo "2729"]
[TimeControl "180+2"]
[EndTime "15:12:14 PDT"]
[Termination "nihalsarin won by resignation"]

1. e4 c5 2. Nf3 d6 3. d4 cxd4 4.
Nxd4 Nf6 5. Nc3 Nc6 6. Bc4 Qb6 7. Nb3 a6 8. O-O e6 9. a4 Qc7 10. Re1 b6 11. f4 Be7 12. f5 Ne5 13. Bf1 O-O 14.
Bg5 exf5 15. Bxf6 Bxf6 16. Nd5 Qd8 17. a5 bxa5 18. exf5 Bxf5 19. Rxa5 Be6 20. Nxf6+ Qxf6 21. Qxd6 Ng4 22. Qd4 Qh4 23. h3 Qxe1 24. hxg4 Bxb3 25. Re5 Rad8 26. Rxe1 Rxd4 27. cxb3 a5 28. Bc4 Rxg4 29. Bd5 g6 30. Re7 Rd4 31. Bc6 Kg7 32. Ra7 Rc8 33. Bb5 Rc1+ 34. Kf2 Rc2+ 35. Ke3 Rd6 36. Bc4 Rf6 37. g4 Rxb2 38. Rxa5 Rg2 39. g5 Rf5 40.
Ra7 Rgxg5 41. b4 Rg3+ 42. Kd4 Rg4+ 43. Kc3 Rf3+ 44. Bd3 Rxd3+ 0-1

[Event "*** Titled Tuesday Blitz"]
[Site "Chess.com"]
[Date "2018.05.01"]
[Round "10"]
[White "GoingKronos"]
[Black "Vusatiuk_Vladimir"]
[Result "1-0"]
[WhiteElo "2368"]
[BlackElo "2167"]
[TimeControl "180+2"]
[EndTime "15:12:15 PDT"]
[Termination "GoingKronos won by resignation"]

1. Nf3 d5 2. c4 d4 3. e3 c5 4. b4 dxe3 5. fxe3 cxb4 6. d4 Nf6 7. Bd3 e6 8. O-O Be7 9. e4 Nc6 10. d5 Nb8 11. Kh1 exd5 12. cxd5 Nfd7 13. e5 Nc5 14. d6 Nc6 15. Be3 Nxd3 16. Qxd3 Bg4 17. Qe4 Bxf3 18. Rxf3 Bg5 19. Qf5 O-O 20. Bxg5 Qa5 21.
Bf6 g6 22. Qf4 b3 23. Nc3 b2 24. Raf1 b1=Q 25. Rxb1 Nxe5 26. Bxe5 f5 27. Qc4+ Rf7 28. Rxb7 Rf8 29. h3 Qxe5 30. Rxf7 Rxf7 31. d7 Qe1+ 32. Rf1 Qe7 33. Rd1 Qd8 34. Qe6 Kg7 35. Qe8 Rf8 36. Qxd8 Rxd8 37. Na4 Kf7 38. Nc5 Ke7 39. g3 a5 40. Kg2 g5 41. a4 h6 42. Kf3 Rf8 43.
Nb7 Rg8 44. d8=Q+ 1-0

[Event "*** Titled Tuesday Blitz"]
[Site "Chess.com"]
[Date "2018.05.01"]
[Round "10"]
[White "djano"]
[Black "dolynachess"]
[Result "0-1"]
[WhiteElo "2439"]
[BlackElo "2401"]
[TimeControl "180+2"]
[EndTime "15:12:18 PDT"]
[Termination "dolynachess won by resignation"]

1. e4 d5 2. exd5 Qxd5 3. Nf3 Bg4 4. Be2 Nc6 5. O-O O-O-O 6. Nc3 Qd7 7. b4 e5 8. b5 Bxf3 9. Bxf3 Nd4 10. a4 f5 11. d3 Nf6 12. a5 Kb8 13. Be3 Bb4 14. Bxd4 Qxd4 15. Ne2 Qd7 16. Ng3 h5 17. c3 Bxc3 18.
Ra3 Bd4 19. b6 cxb6 20. Ne2 Bc5 21. Ra4 e4 22. axb6 Bxb6 23. Nc3 Qxd3 24. Qb3 exf3 25. Rb1 Nd5 26. Rxa7 Qxc3 27. Qa4 Bxa7 28. Qa6 Qe1+ 0-1

[Event "*** Titled Tuesday Blitz"]
[Site "Chess.com"]
[Date "2018.05.01"]
[Round "10"]
[White "savinspm"]
[Black "Caterpiller35"]
[Result "1-0"]
[WhiteElo "2028"]
[BlackElo "2224"]
[TimeControl "180+2"]
[EndTime "15:12:19 PDT"]
[Termination "savinspm won by resignation"]

1. e4 c5 2. Nc3 Nc6 3. Bb5 Nd4 4.
Bc4 e6 5. d3 a6 6. a4 Nf6 7.
Nge2 d5 8. exd5 exd5 9. Ba2 Be7 10. Nxd4 cxd4 11. Ne2 Qb6 12. O-O O-O 13. c3 dxc3 14. bxc3 Bg4 15. Be3 Qc7 16. Bd4 Rfe8 17. Qd2 Bd6 18. Ng3 Nh5 19. Qg5 Bxg3 20. hxg3 f5 21. Bxd5+ Kh8 22. Bf3 Bxf3 23. gxf3 Qf7 24. Rfe1 Rad8 25.
f4 Kg8 26. Rxe8+ Rxe8 27. Be5 h6 28. Qh4 Kh7 29. Rb1 Rd8 30. d4 Rd7 31. Qh1 Qa2 32. Kg2 Qd5+ 33. Kh2 Qa2 34. Qf1 Qxa4 35. Qd3 Kg6 36.
Rb6+ Nf6 37. g4 Kf7 38. Qxf5 Re7 39. Bxf6 gxf6 40. Rxf6+ 1-0

[Event "*** Titled Tuesday Blitz"]
[Site "Chess.com"]
[Date "2018.05.01"]
[Round "10"]
[White "GMMatamoros"]
[Black "DishonorOnYourCow"]
[Result "1-0"]
[WhiteElo "2520"]
[BlackElo "2306"]
[TimeControl "180+2"]
[EndTime "15:12:19 PDT"]
[Termination "GMMatamoros won by resignation"]

1. Nf3 Nf6 2. c4 g6 3. g3 Bg7 4. Bg2 c6 5. b3 d5 6. Bb2 O-O 7. O-O Nbd7 8. d4 Ne4 9. Nc3 Ndf6 10. e3 Bg4 11. Ne2 Qc8 12. Nf4 e6 13. Qc2 a5 14. Ne5 Bf5 15. Ned3 dxc4 16. bxc4 b5 17. c5 Nd5 18. Qe2 g5 19. Nxd5 exd5 20. f3 Nf6 21. e4 dxe4 22. fxe4 Bg4 23. Qf2 Nd7 24. Rac1 Be6 25. d5 cxd5 26. exd5 Bg4 27. Bxg7 Kxg7 28.
c6 Nb8 29. Qf6+ Kg8 30. d6 Na6 31. Ne5 Be6 32. Qxg5+ Kh8 33. Qf6+ Kg8 34. Be4 Nb4 35. Qg5+ Kh8 36. Qh6 f5 37. Ng6+ Kg8 38. Ne7+ Kh8 39.
Nxc8 1-0

[Event "*** Titled Tuesday Blitz"]
[Site "Chess.com"]
[Date "2018.05.01"]
[Round "10"]
[White "Blitzstream"]
[Black "2Tilted"]
[Result "1-0"]
[WhiteElo "2480"]
[BlackElo "2284"]
[TimeControl "180+2"]
[EndTime "15:12:35 PDT"]
[Termination "Blitzstream won by resignation"]

1. g3 Nf6 2. Bg2 c5 3. b3 Nc6 4. Bb2 d5 5. d3 e5 6. Nd2 Be7 7. e3 O-O 8. Ne2 Be6 9. h3 Qd7 10. a3 a5 11. e4 b5 12. f4 dxe4 13. Nxe4 Bd5 14. fxe5 Nxe4 15. dxe4 Be6 16. Qxd7 Bxd7 17. Nf4 Rfe8 18. Rd1 Ra7 19. O-O Bf8 20. Rd5 Be6 21. Nxe6 Rxe6 22. h4 Nd4 23. Bh3 Rg6 24. Kh2 Nxc2 25.
Rd8 Ne3 26. Rc1 Rc7 27. Bd4 Ng4+ 28. Bxg4 Rxg4 29. Rxc5 Rxc5 30. Bxc5 h5 31. Rxf8+ Kh7 32. Rxf7 Rxe4 33. Rb7 Rxe5 34. Rxb5 Kg6 35. Rxa5 Re2+ 36. Kh3 Kf5 37. Bd6+ Ke4 38. Re5+ Kf3 39. Rxe2 1-0

[Event "*** Titled Tuesday Blitz"]
[Site "Chess.com"]
[Date "2018.05.01"]
[Round "10"]
[White "joejan"]
[Black "LuisFSiles"]
[Result "1-0"]
[WhiteElo "2168"]
[BlackElo "2240"]
[TimeControl "180+2"]
[EndTime "15:12:38 PDT"]
[Termination "joejan won by resignation"]

1. e4 e5 2. Nf3 Nc6 3. Bb5 Nf6 4. O-O Nxe4 5. d4 Nd6 6. Bxc6 dxc6 7. dxe5 Ne4 8.
Qxd8+ Kxd8 9. Re1 Nc5 10. Nc3 Ke8 11. Bf4 Bg4 12. Re3 Ne6 13. Bg3 Bc5 14. Rd3 Bxf3 15. Rxf3 Nd4 16. Rd3 Nxc2 17. Rc1 Nb4 18. Rd2 Rd8 19.
Rxd8+ Kxd8 20. a3 Nd5 21. Nxd5 cxd5 22. Rxc5 c6 23. Kf1 Kd7 24. Ke2 b6 25. Rc1 c5 26. b4 c4 27. Ke3 Ke6 28. Kd4 h5 29. f4 h4 30. Bf2 g6 31. b5 h3 32. g4 Rc8 33. Be1 Rh8 34. Rc3 Rh7 35. Rf3 f5 36. exf6 Kxf6 37. Kxd5 Rc7 38. Bc3+ Kf7 39. Rxh3 Rc5+ 40.
Kd4 Rxb5 41. Kxc4 Rc5+ 42. Kb3 a5 43. a4 Rc6 44. Rd3 Ke6 45. Rf3 Rc8 46. f5+ gxf5 47. Rxf5 Rg8 48. Re5+ Kd6 49. g5 Rh8 50. Re2 Rg8 51.
h4 Kd5 52. Re5+ 1-0

[Event "*** Titled Tuesday Blitz"]
[Site "Chess.com"]
[Date "2018.05.01"]
[Round "10"]
[White "Andnar"]
[Black "PowerThinking2650"]
[Result "1-0"]
[WhiteElo "2375"]
[BlackElo "2274"]
[TimeControl "180+2"]
[EndTime "15:12:38 PDT"]
[Termination "Andnar won on time"]

1. e4 e5 2. d4 exd4 3. Qxd4 Nc6 4. Qe3 Nf6 5. Nc3 Bb4 6. Bd2 O-O 7. O-O-O Re8 8. a3 Bf8 9. Qg3 d6 10. f4 a6 11. Nf3 b5 12. e5 Ng4 13. Ne4 d5 14. Neg5 h6 15. h3 hxg5 16. hxg4 gxf4 17. Qh2 f6 18. Qh7+ Kf7 19. exf6 Qxf6 20. Bd3 Bxg4 21. Bc3 d4 22. Bd2 Ne5 23. Nxe5+ Rxe5 24.
Rdf1 Bf5 25. Qh5+ g6 26. Qh7+ Qg7 27. Bxf4 Ree8 28. Bxf5 Qxh7 29. Rxh7+ Kg8 30. Bxg6 Re6 31. Bd3 c5 32. Rfh1 Bg7 33. b3 Rf8 34. Bh6 1-0

[Event "*** Titled Tuesday Blitz"]
[Site "Chess.com"]
[Date "2018.05.01"]
[Round "10"]
[White "tuttocalabria"]
[Black "michaelq2d5"]
[Result "0-1"]
[WhiteElo "2430"]
[BlackElo "2715"]
[TimeControl "180+2"]
[EndTime "15:12:41 PDT"]
[Termination "michaelq2d5 won by resignation"]

1. d4 d5 2. Bg5 f6 3. Bf4 Nc6 4. e3 e5 5. Bg3 Be6 6. Bb5 e4 7. c4 dxc4 8. Nc3 Bb4 9. Qa4 Bxc3+ 10.
bxc3 Ne7 11. Bxc4 Bxc4 12. Qxc4 Qd5 13. Qb3 Na5 14. Qb4 Nec6 15. Qa4 b5 16. Qc2 O-O 17. Ne2 Rfc8 18. O-O Nc4 19. Nf4 Qf5 20. a4 a6 21.
Qa2 Rab8 22. Ne2 Kh8 23. Nc1 Ne7 24. Nb3 Nd5 25. Qc2 Qg6 26. Nc5 f5 27. axb5 axb5 28. Ra6 Rb6 29. Rfa1 h6 30. h3 Ndxe3 31. Qe2 Nd5 32.
Rxb6 cxb6 33. Nd7 Nxc3 34. Qe1 Nd5 35. Ne5 Qe6 36. Qb1 Nc3 37. Qb4 Ne2+ 38. Kh2 Nxg3 39. fxg3 Nxe5 40. dxe5 Qxe5 41. Ra7 Rc3 42. Re7 Qxg3+ 0-1

[Event "*** Titled Tuesday Blitz"]
[Site "Chess.com"]
[Date "2018.05.01"]
[Round "10"]
[White "RodinMihail"]
[Black "Last7Samurai"]
[Result "0-1"]
[WhiteElo "2431"]
[BlackElo "2640"]
[TimeControl "180+2"]
[EndTime "15:12:43 PDT"]
[Termination "Last7Samurai won by checkmate"]

1. e4 e6 2. d4 d5 3. Nd2 Be7 4.
Ngf3 Nf6 5. Bd3 c5 6. c3 cxd4 7.
cxd4 dxe4 8. Nxe4 Nc6 9. O-O O-O 10. Be3 Nd5 11. Rc1 Re8 12. a3 Bf8 13. Qe2 g6 14. Rfd1 Bg7 15. Bg5 Nce7 16. Bc4 h6 17. Be3 Nf5 18.
Nc5 b6 19. Na6 Ndxe3 20. fxe3 Bb7 21. Bb5 Re7 22. Nb4 Rc7 23. Rxc7 Qxc7 24. Bd3 a5 25. Nc2 Rc8 26. Nce1 Nd6 27. e4 b5 28. e5 Nc4 29.
a4 Qb6 30. Kh1 Bd5 31. axb5 Qxb5 32. Rc1 Qb4 33. h3 Nb6 34. Rxc8+ Nxc8 35. Qc2 Ne7 36. Nd2 Qxd4 37. Nef3 Qf2 38. Qc7 Nf5 39. Bxf5 gxf5 40. Qxa5 Bxe5 41. Nxe5 Qxg2# 0-1

[Event "*** Titled Tuesday Blitz"]
[Site "Chess.com"]
[Date "2018.05.01"]
[Round "10"]
[White "arna"]
[Black "MasterLeif"]
[Result "0-1"]
[WhiteElo "2103"]
[BlackElo "2370"]
[TimeControl "180+2"]
[EndTime "15:12:45 PDT"]
[Termination "MasterLeif won on time"]

1. e4 e5 2. Nf3 Nc6 3. Nc3 Nf6 4. d4 exd4 5. Nxd4 Bb4 6. Nxc6 bxc6 7. Bd3 O-O 8. O-O d5 9. exd5 cxd5 10. Bg5 c6 11.
Qf3 Rb8 12. Bxf6 Qxf6 13. Qxf6 gxf6 14. Ne2 Bd6 15. b3 Re8 16. Ng3 Be5 17. Rad1 Bg4 18. f3 Bxg3 19. hxg3 Bh5 20. Kf2 Bg6 21. Rfe1 Kf8 22.
Re3 Rxe3 23. Kxe3 c5 24. Bxg6 d4+ 25. Kd3 hxg6 26. Kc4 Re8 27. Rd2 Re5 28. g4 g5 29.
a4 a6 30. b4 cxb4 31. Kxb4 Rd5 32. Kc4 Ra5 33. Kb4 Re5 34. Rxd4 Re2 35. c4 Rxg2 36.
Rd3 Ke7 37. c5 Rc2 38. Rc3 Rb2+ 39. Ka5 Kd7 40. Kxa6 Kc6 41. Ka5 Rb1 42. Re3 Rb7 0-1

[Event "*** Titled Tuesday Blitz"]
[Site "Chess.com"]
[Date "2018.05.01"]
[Round "10"]
[White "saraswathii"]
[Black "GameOverBro"]
[Result "0-1"]
[WhiteElo "2271"]
[BlackElo "2431"]
[TimeControl "180+2"]
[EndTime "15:12:58 PDT"]
[Termination "GameOverBro won by checkmate"]

1. e4 d6 2. d3 Nf6 3. Nf3 e5 4. g3 Be7 5. Bg2 O-O 6. O-O c6 7. Qe2 b5 8. a4 b4 9. a5 Nbd7 10. Nbd2 Re8 11. Nc4 Bf8 12. Ne3 a6 13. Bd2 d5 14.
exd5 cxd5 15. c4 e4 16. dxe4 dxe4 17. Nd4 Bb7 18. Rfd1 Qc7 19. Nef5 Rac8 20. b3 Nc5 21. Bf4 Qd7 22. Bg5 e3 23. Bh3 exf2+ 24. Qxf2 Kh8 25.
Bxf6 Ne4 26. Nxg7 Qxh3 27. Nxe8+ Kg8 28. Qf4 Bh6 29. Qf3 Rxe8 30. Re1 Kf8 31. Nf5 Nxg3 32. Rxe8+ Kxe8 33. Nd6+ Kf8 34. Qxg3 Be3+ 35. Qxe3 Qg2# 0-1

[Event "*** Titled Tuesday Blitz"]
[Site "Chess.com"]
[Date "2018.05.01"]
[Round "10"]
[White "chessking2151"]
[Black "Al_Shima"]
[Result "1-0"]
[WhiteElo "2433"]
[BlackElo "2403"]
[TimeControl "180+2"]
[EndTime "15:12:58 PDT"]
[Termination "chessking2151 won by resignation"]

1. d4 Nf6 2. Nf3 c5 3. d5 e6 4.
Nc3 d6 5. Bf4 e5 6. Bg3 Be7 7.
e4 Nh5 8. a4 O-O 9. Bd3 Na6 10.
Qd2 Nb4 11. O-O Nxg3 12. hxg3 f5 13. exf5 Nxd3 14. cxd3 Bxf5 15. Ne4 a5 16. Ra3 Ra6 17. Ne1 Qc7 18. Nc2 Rfa8 19. Ne3 Bg6 20. Rc1 Rb6 21. Nc4 Rb4 22. Nc3 Qd8 23. Qd1 Bg5 24. Rc2 Qf6 25. Ne4 Bxe4 26. dxe4 Qg6 27. Qe2 h5 28. Rcc3 Be7 29.
b3 Bg5 30. Ra2 Be7 31. Rf3 Qg4 32. Rd2 Ra7 33. Qd3 Ra6 34. Re2 Ra8 35. Ne3 g6 36. Nxg4 hxg4 37. Rfe3 Bg5 38. Qd1 Bxe3 39. Rxe3 Kg7 40.
Qxg4 Rb6 41. Qd7+ Kf6 42. Rf3+ Kg5 43. Qe7+ Kh6 44. g4 1-0

[Event "*** Titled Tuesday Blitz"]
[Site "Chess.com"]
[Date "2018.05.01"]
[Round "10"]
[White "AndrewMcStone"]
[Black "ghost_of_pushwood"]
[Result "0-1"]
[WhiteElo "2022"]
[BlackElo "1912"]
[TimeControl "180+2"]
[EndTime "15:13:00 PDT"]
[Termination "ghost_of_pushwood won on time"]

1. d4 Nf6 2. c4 g6 3. f3 Bg7 4. e4 d6 5. Nc3 O-O 6. Be3 c6 7. Nge2 a6 8. Qc2 b5 9. c5 dxc5 10. dxc5 e5 11. Rd1 Qe7 12. Nc1 Nbd7 13. b4 a5 14. a3 axb4 15. axb4 Ne8 16. Be2 Nc7 17. O-O Ne6 18. Nb3 Rd8 19. Rd6 Nd4 20. Nxd4 exd4 21.
Bxd4 Bxd4+ 22. Rxd4 Ne5 23. Rfd1 Be6 24. Rd6 Bc4 25. f4 Bxe2 26. Nxe2 Nc4 27. Rxd8+ Rxd8 28. Rxd8+ Qxd8 29. Kf2 Qh4+ 30. Kf3 Qh5+ 31. Kf2 Qh4+ 32. Kf3 Qxh2 33. Qd3 Qh5+ 34. Kf2 Qh4+ 35. Ng3 Qxf4+ 36. Kg1 Qc1+ 37. Nf1 Qb2 38. Qd8+ Kg7 0-1

[Event "*** Titled Tuesday Blitz"]
[Site "Chess.com"]
[Date "2018.05.01"]
[Round "10"]
[White "EmreDedebas"]
[Black "Alopekos"]
[Result "1-0"]
[WhiteElo "2373"]
[BlackElo "2304"]
[TimeControl "180+2"]
[EndTime "15:13:04 PDT"]
[Termination "EmreDedebas won on time"]

1. c4 e5 2. Nc3 Nc6 3. Nf3 Nf6 4.
e3 Be7 5. d4 exd4 6. Nxd4 O-O 7.
Nc2 d6 8. Be2 Be6 9. b3 d5 10.
cxd5 Nxd5 11. Nxd5 Qxd5 12. Bb2 Qa5+ 13. Qd2 Qxd2+ 14.
Kxd2 Rfd8+ 15. Kc1 a5 16. Bc3 a4 17. bxa4 Rxa4 18. Kb2 Rda8 19. a3 Na5 20. Bb4 c5 21.
Bc3 b5 22. Rhd1 Nc4+ 23. Bxc4 Rxc4 24. f3 Rca4 25. e4 b4 26. axb4 cxb4 27. Bd4 Ra2+ 28. Kb1 b3 29. Ne3 Rxa1+ 30. Bxa1 Ra2 31. Bb2 h6 32. Nd5 Bf8 33. Rd3 Ba3 34. Rxb3 Rxb2+ 35.
Rxb2 Bxb2 36. Kxb2 f5 37. Kc3 fxe4 38. fxe4 Kf7 39.
Kd4 g5 40. Ke5 Bd7 41. Kd6 Bc8 42. e5 1-0

[Event "*** Titled Tuesday Blitz"]
[Site "Chess.com"]
[Date "2018.05.01"]
[Round "10"]
[White "Margency"]
[Black "KRASAVCHIK2002"]
[Result "0-1"]
[WhiteElo "2508"]
[BlackElo "2074"]
[TimeControl "180+2"]
[EndTime "15:13:07 PDT"]
[Termination "KRASAVCHIK2002 won by checkmate"]

1. e4 c5 2. Nf3 d6 3. d4 cxd4 4. Nxd4 Nf6 5. Nc3 a6 6. g3 e5 7. Nb3 Be6 8. Bg2 Be7 9. O-O O-O 10. Re1 Nbd7 11. a4 Rc8 12. Nd2 Nb6 13. Nf1 d5 14. exd5 Nfxd5 15. Nxd5 Nxd5 16. Rxe5 Nb4 17. Qxd8 Rfxd8 18. c3 Nd3 19. Re2 Nxc1 20. Rxc1 Rc7 21. Ne3 g6 22. h4 h5 23. a5 Kg7 24. Rcc2 Rcd7 25. Bf3 Bb3 26. Rc1 Bc5 27. Rce1 b6 28. axb6 Bxb6 29. Kg2 Rd3 30. Be4 R3d6 31. Bc2 Be6 32. Be4 Bb3 33. Bc2 Be6 34. b3 Rd2 35. Rxd2 Rxd2 36. Be4 Bxb3 37. Kf3 a5 38. Rb1 a4 39. c4 Bc5 40. Bd5 a3 41. Rxb3 a2 42.
Rb7 a1=Q 43. Rxf7+ Kh8 44. Rc7 Bxe3 45. Rc8+ Kg7 46.
Rc7+ Kf6 47. fxe3 Qf1+ 48. Ke4 Qg2+ 49. Kf4 Rf2+ 50. Bf3 Qxf3# 0-1

[Event "*** Titled Tuesday Blitz"]
[Site "Chess.com"]
[Date "2018.05.01"]
[Round "10"]
[White "JozefKneht"]
[Black "dhanushbharadwaj"]
[Result "1-0"]
[WhiteElo "2396"]
[BlackElo "2504"]
[TimeControl "180+2"]
[EndTime "15:13:16 PDT"]
[Termination "JozefKneht won by resignation"]

1. e4 c6 2. d4 d5 3. Nc3 dxe4 4. Nxe4 Bf5 5. Ng3 Bg6 6. h4 h6 7. Nf3 e6 8. Ne5 Bh7 9. Bd3 Bxd3 10. Qxd3 Nf6 11.
Bd2 Nbd7 12. Qe2 Be7 13. O-O-O Qc7 14. f4 Rf8 15. f5 O-O-O 16. fxe6 fxe6 17. Ng6 Qxg3 18. Nxe7+ Kb8 19. Qxe6 Nd5 20. Nxd5 cxd5 21. Qxd5 Nb6 22.
Qe5+ Qxe5 23. dxe5 Rf2 24. g3 Nc4 25. Bf4 Rc8 26.
e6+ Ka8 27. Rhe1 Na3 28. Rd2 Rxd2 29. Kxd2 Nc4+ 30. Kc1 Re8 31. b3 Nb6 32. c4 a6 33.
Kc2 Nc8 34. Kc3 Ne7 35. Kd4 Nc6+ 36. Kc3 b5 37. cxb5 axb5 38. a3 Kb7 39. Bd6 Kb6 40. b4 Nd8 41. Bc5+ Kc6 42. e7 Nb7 43. Kd4 Kd7 44. Kd5 Ra8 45. Re3 g5 46. h5 Rc8 47.
g4 Re8 48. Re6 Ra8 49. Rxh6 Nxc5 50. bxc5 Rxa3 51. c6+ Kxe7 52. Rh7+ Kd8 53. Kc5 Ra4 54. Rg7 Rxg4 55. h6 Rg1 56. h7 Rc1+ 57. Kb6 1-0

[Event "*** Titled Tuesday Blitz"]
[Site "Chess.com"]
[Date "2018.05.01"]
[Round "10"]
[White "Albertu"]
[Black "Vamostodorecto"]
[Result "1-0"]
[WhiteElo "2304"]
[BlackElo "2360"]
[TimeControl "180+2"]
[EndTime "15:13:17 PDT"]
[Termination "Albertu won on time"]

1. e4 e5 2. Nf3 Nc6 3. Bb5 a6 4. Ba4 Nf6 5. O-O b5 6. Bb3 Bb7 7. Re1 Bc5 8. c3 d6 9. d4 Bb6 10. a4 Qe7 11. Qd3 O-O 12. Bg5 h6 13. Bh4 g5 14. Bg3 exd4 15. cxd4 Nb4 16. Qc3 c5 17. a5 Ba7 18. e5 Ne4 19. exd6 Qf6 20. Rxe4 Bxe4 21.
Nbd2 Bb7 22. Be5 Qg6 23. dxc5 Nd5 24. Qd4 Nf4 25. Bxf4 gxf4 26. Rc1 Rac8 27. Bd5 Bxd5 28. Qxd5 Rfd8 29. Ne4 Qe6 30. Qxe6 fxe6 31. b4 Bb8 32. Re1 Kf7 33. Ne5+ Kg7 34. Nd3 e5 35. Nxe5 Re8 36. Nd3 Rcd8 37. f3 1-0

[Event "*** Titled Tuesday Blitz"]
[Site "Chess.com"]
[Date "2018.05.01"]
[Round "10"]
[White "Manukyan_Artak"]
[Black "bugsbunny444"]
[Result "0-1"]
[WhiteElo "2356"]
[BlackElo "2335"]
[TimeControl "180+2"]
[EndTime "15:13:18 PDT"]
[Termination "bugsbunny444 won by resignation"]

1. e4 e6 2. d4 d5 3. e5 c5 4. c3 Nc6 5. Nf3 Qb6 6. a3 f6 7. b4 fxe5 8. Nxe5 Nxe5 9. dxe5 a5 10. bxa5 Rxa5 11. Nd2 Ne7 12. Rb1 Qc7 13. Bb5+ Nc6 14. O-O Qxe5 15. Re1 Qf5 16. Bxc6+ bxc6 17. Rb8 Kd7 18. Nf3 Bd6 19. Rb2 e5 20. c4 e4 21.
Nd2 Rf8 22. cxd5 cxd5 23. Nf1 Ba6 24. Rb6 Bxf1 25. Rxf1 Bc7 26. Rb7 Kc6 27. Rb2 d4 28. Qb3 Rb8 29. Qc2 Rxb2 30. Bxb2 Qf4 31. g3 Qf3 32. Bxd4 Qd3 33. Qxd3 exd3 34. Bxg7 Rxa3 35. Rd1 c4 36. h4 Kd5 37. h5 Ke4 38. Kg2 c3 39.
Re1+ Kd5 40. Re5+ Bxe5 41. Bf8 Rb3 42. f4 Bh8 43. g4 c2 0-1

[Event "*** Titled Tuesday Blitz"]
[Site "Chess.com"]
[Date "2018.05.01"]
[Round "10"]
[White "AnishGiri"]
[Black "Alexander_Moskalenko"]
[Result "1-0"]
[WhiteElo "2874"]
[BlackElo "2761"]
[TimeControl "180+2"]
[EndTime "15:13:20 PDT"]
[Termination "AnishGiri won by resignation"]

1. e4 c5 2. Nf3 d6 3. d4 cxd4 4. Nxd4 Nf6 5. Nc3 a6 6. Be2 g6 7. Be3 Bg7 8. Qd2 Nc6 9. f3 Bd7 10. O-O-O O-O 11. Kb1 b5 12. Nxc6 Bxc6 13. Bh6 Bxh6 14.
Qxh6 b4 15. Nd5 Bxd5 16. exd5 a5 17. Bc4 Qc7 18. Rd4 a4 19. Rhd1 Rfc8 20. Qd2 Qb6 21. g4 Rab8 22. g5 Nh5 23. b3 Qa7 24. Re4 Rc7 25.
Qe3 axb3 26. cxb3 Qxe3 27. Rxe3 f6 28. h4 Rbb7 29. Rd4 Kf7 30. f4 Ng7 31. Rde4 Nf5 32. Rh3 h5 33. gxh6 Nxh6 34. h5 Ng4 35. hxg6+ Kxg6 36. Re6 Kf5 37. Rf3 Rxc4 38. bxc4 Rc7 39. Kb2 Rxc4 40.
Rxe7 Rd4 41. Kb3 Nh2 42. Rh3 Ng4 43. Rd7 Rxd5 44. Kxb4 Kxf4 45. a4 Ne5 46. Rc7 Rd1 47. a5 d5 48. a6 Ra1 49. Ra3 Nc4 50. Rxa1 1-0